 Dungeon Crawl Stone Soup version 0.28.0 (webtiles) character file.

Game seed: 10991173488322603790

65 Strat the Chopper (level 4, 0/31 HPs)
             Began as a Formicid Air Elementalist on Feb 8, 2022.
             Succumbed to an adder's poison
             ... on level 2 of the Dungeon.
             The game lasted 00:04:07 (1929 turns).

Strat the Chopper (Formicid Air Elementalist)       Turns: 1929, Time: 00:04:07

Health: 0/31       AC:  2    Str: 14    XL:     4   Next: 34%
Magic:  7/7        EV: 12    Int: 15    God:
Gold:   47         SH:  0    Dex: 11    Spells: 6/7 levels left

rFire   . . .      SeeInvis +   a - +0 war axe
rCold   . . .      Faith    .   (no shield)
rNeg    . . .      Spirit   .   d - +0 robe
rPois   .          Reflect  .   (helmet unavailable)
rElec   .          Harm     .   (no cloak)
rCorr   .          Rampage  .   (no gloves)
Will    .....                   (no boots)
Stlth   ++........              (no amulet)
HPRegen 0.10/turn               (no ring)
MPRegen 0.10/turn               (no ring)

@: lethally poisoned (0 -> -4)
A: permanent stasis, dig shafts and tunnels, antennae 3, four strong arms
a: Dig, Shaft Self


You were on level 2 of the Dungeon.
You visited 1 branch of the dungeon, and saw 2 of its levels.

You collected 47 gold pieces.

Inventory:

Hand Weapons
 a - a +0 war axe (weapon)
 b - a +0 hunting sling
 f - a +0 trident
Missiles
 c - 73 stones
 m - 6 curare-tipped darts
Armour
 d - a +0 robe (worn)
Jewellery
 h - an amulet of guardian spirit
Wands
 g - a wand of mindburst (2)
Scrolls
 e - 2 scrolls of fog {unknown}
 i - 3 scrolls of identify {unknown}
 j - a scroll of silence {unknown}
 k - a scroll of blinking {unknown}
 l - a scroll of fear {unknown}


   Skills:
 - Level 0.4 Fighting
 + Level 3.5 Axes
 - Level 1.7 Dodging
 - Level 2.4 Stealth
 - Level 2.1 Spellcasting
 - Level 0.8 Conjurations
 - Level 2.4 Air Magic


You had 6 spell levels left.
You knew the following spells:

 Your Spells              Type           Power      Damage    Failure   Level
a - Shock                 Conj/Air       24%        1d4       11%         1

Your spell library contained the following spells:

 Spells                   Type           Power      Damage    Failure   Level
 Static Discharge         Conj/Air       6%         N/A       17%         2
 Corpse Rot               Necr/Air       10%        N/A       21%         2
 Poisonous Vapours        Pois/Air       10%        N/A       21%         2
 Airstrike                Air            4%         N/A       63%         4
 Swiftness                Air            Unusable   N/A       N/A         3

Dungeon Overview and Level Annotations

Branches:
Dungeon (2/15)

Altars:


Innate Abilities, Weirdness & Mutations

You cannot be hasted, slowed, berserked, paralysed or teleported.
You can dig through walls and to a lower floor.
You have a pair of large antennae on your head. (SInv)
Your four strong arms can wield two-handed weapons with a shield.


Message History

You shoot a stone. The stone hits the adder.
The adder is almost dead.
The adder bites you.
You shoot a stone. The stone hits the adder.
The adder is almost dead.
The adder barely misses you. The adder bites you.
You are poisoned.
The adder poisons you!
a - a +0 war axe (weapon)
You feel sick. The adder bites you.
You are more poisoned.
The adder poisons you!
You barely miss the adder.
The adder is almost dead.
You feel very sick. The adder bites you.
* * * LOW HITPOINT WARNING * * *
You are more poisoned.
The adder poisons you!
You barely miss the adder.
The adder is almost dead.
* * * LOW HITPOINT WARNING * * *
You feel very sick. The adder barely misses you. The adder misses you.
You closely miss the adder.
The adder is almost dead.
* * * LOW HITPOINT WARNING * * *
You feel very sick. The adder bites you.
* * * LOW HITPOINT WARNING * * *
The adder bites you.
* * * LOW HITPOINT WARNING * * *
You aren't carrying any potions.
You hit the adder but do no damage. You punch the adder.
You kill the adder!
* * * LOW HITPOINT WARNING * * *
You feel sick.
* * * LOW HITPOINT WARNING * * *
You feel sick.
You die...

...........#######
...........#### ..)...........##
..............(( ..##............
.###............ ......)...#.....
.......)..#....(#####
................@...#
..........#.....#.###
................#.#
...............##.#
####...........##.#
##.......#.....##.###############
..................†.............<
.#.......########.###############
......#####.......#


There were no monsters in sight!

Vanquished Creatures
  2 adders (D:2)
  A worm (D:2)
  A dart slug (D:1)
  7 endoplasms
  2 giant cockroaches
  A goblin (D:2)
  3 hobgoblins (D:1)
  3 jackals (D:1)
  A quokka (D:2)
  A ball python (D:2)
  8 bats
  3 frilled lizards
  3 kobolds
  3 rats (D:1)
39 creatures vanquished.

Notes
Turn   | Place    | Note
-------+----------+-------------------------------------------
     0 | D:1      | Strat the Formicid Air Elementalist began the quest for the
                  | Orb.
     0 | D:1      | Reached XP level 1. HP: 13/13 MP: 3/3
    27 | D:1      | Found a faded altar of an unknown god.
   147 | D:1      | Reached skill level 1 in Axes
   155 | D:1      | Reached XP level 2. HP: 13/20 MP: 5/5
   626 | D:1      | Reached skill level 2 in Axes
   762 | D:1      | Reached XP level 3. HP: 22/25 MP: 6/6
  1668 | D:2      | Reached skill level 3 in Axes
  1708 | D:2      | Reached XP level 4. HP: 31/31 MP: 7/7
  1928 | D:2      | HP: 1/31 [poisoned by an adder]
  1929 | D:2      | Succumbed to an adder's poison

Illustrated notes

Levels and vault maps discovered:
D:1:      mrwooster_arrival_statue_2, layout_basic,
          hellmonk_ecumenical_altar_lost_god
D:2:      layout_basic, nrook_loot_triangle

Skill      XL: |  1  2  3 |
---------------+----------+-----
Axes           | 1 2 3 |  3.5
Fighting       | |  0.4
Dodging        | |  1.7
Stealth        | |  2.4
Spellcasting   | |  2.1
Conjurations   | |  0.8
Air Magic      | |  2.4

Action                   |  1- 3 |  4- 6 || total
-------------------------+-------+-------++-------
Melee: War axe           |    47 |     5 ||    52
       Trident           |     7 |       ||     7
       Punch             |       |     1 ||     1
 Fire: Hunting sling     |   100 |     9 ||   109
 Cast: Shock             |     4 |       ||     4
 Stab: Sleeping          |     1 |       ||     1
Armor: Robe              |    33 |       ||    33
Dodge: Dodged            |    86 |     5 ||    91
